 Dungeon Crawl Stone Soup version 0.27-a0-1565-gad902ab807 (webtiles) character file.

Game seed: 17268757286011805111

818 bnorton916 the Magician (level 7, 0/36 HPs)
             Began as a Deep Elf Conjurer on July 16, 2021.
             Was an Initiate of Vehumet.
             Succumbed to a water moccasin's poison
             ... on level 5 of the Dungeon.
             The game lasted 00:07:21 (6492 turns).

bnorton916 the Magician (Deep Elf Conjurer)         Turns: 6492, Time: 00:07:22

Health: 0/36       AC:  3    Str:  4    XL:     7   Next: 62%
Magic:  14/20      EV: 12    Int: 25    God:    Vehumet [......]
Gold:   236        SH:  0    Dex: 13    Spells: 10/21 levels left

rFire    . . .     SeeInvis .   i - +2 dagger (protect)
rCold    . . .     Faith    .   (no shield)
rNeg     . . .     Spirit   .   a - +0 robe
rPois    .         Reflect  .   n - +0 helmet
rElec    .         Harm     .   (no cloak)
rCorr    .         Rampage  .   (no gloves)
Will     .....                  (no boots)
Stlth    ++........             (no amulet)
HPRegen  0.12/turn              (no ring)
MPRegen  0.17/turn              (no ring)

@: lethally poisoned (0 -> -25), very slightly contaminated
A: no striking features
a: Renounce Religion


You were on level 5 of the Dungeon.
You worshipped Vehumet.
Vehumet was noncommittal.
You visited 2 branches of the dungeon, and saw 6 of its levels.

You collected 236 gold pieces.

Inventory:

Hand Weapons
 i - a +2 dagger of protection (weapon)
Missiles
 j - 244 stones
Armour
 a - a +0 robe (worn)
 h - a +2 kite shield
 n - a +0 helmet (worn)
Scrolls
 b - 4 scrolls of immolation
 d - 3 scrolls of noise
 e - a scroll of holy word {unknown}
 f - 4 scrolls of identify {unknown}
 g - a scroll of torment {unknown}
 l - 3 scrolls of teleportation {unknown}
 m - a scroll of enchant weapon {unknown}
 o - a scroll of silence {unknown}
 q - a scroll of fog {unknown}
Potions
 c - a potion of invisibility
 k - a potion of might
 p - a potion of lignification


   Skills:
 - Level 2.4 Dodging
 - Level 2.4 Stealth
 + Level 7.6 Spellcasting
 + Level 7.4 Conjurations
 + Level 4.0 Hexes
 + Level 2.2 Translocations


You had 10 spell levels left.
You knew the following spells:

 Your Spells              Type           Power      Damage    Failure   Level
a - Magic Dart            Conj           100%       1d8       1%          1
b - Searing Ray           Conj           92%        3d6       1%          2
c - Fulminant Prism       Conj/Hex       19%        3d11      6%          4
d - Iskenderun's Mystic   Conj/Tloc      33%        2d8       9%          4

Your spell library contained the following spells:

 Spells                   Type           Power      Damage    Failure   Level
 Dazzling Flash           Conj/Hex       76%        N/A       1%          3
 Alistair's Intoxication  Tmut/Pois      6%         N/A       87%         5
 Borgnjor's Vile Clutch   Necr/Erth      4%         N/A       87%         5
 Eringya's Noxious Bog    Tmut/Pois      4%         N/A       100%        6


Dungeon Overview and Level Annotations

Branches:
Dungeon (5/15)             Temple (1/1) D:4

Altars:
Dithmenos
Elyvilon
Gozag
Okawaru
Qazlal
Ru
Trog
Uskayaw
Vehumet
Wu Jian
Xom
Yredelemnul
Zin
The Shining One


Message History

Confirm with . or Enter, or press ? or * to list all spells.
Aiming: Magic Dart (safe; 1% risk of failure)
Press: ? - help, Shift-Dir - straight line, f - water moccasin
Aim: a water moccasin (asleep, 100% to hit)
The magic dart hits the water moccasin but does no damage.
The water moccasin hisses angrily.
You hear a shout!
An orc comes into view. It is wielding a +0 hand axe.
An orc priest comes into view. It is wielding a +0 short sword.
Found a fizzy brown potion.
Casting: Magic Dart (safe; 1% risk of failure)
Confirm with . or Enter, or press ? or * to list all spells.
Aiming: Searing Ray (safe; 1% risk of failure)
Press: ? - help, Shift-Dir - straight line, f/p - water moccasin
Aim: a water moccasin (70% to hit)
You miscast Searing Ray.
You are very lightly contaminated with residual magic.
Nothing appears to happen.
The water moccasin closely misses you. The water moccasin bites you.
The water moccasin bites you.
You are poisoned.
The water moccasin poisons you!
Casting: Searing Ray (safe; 1% risk of failure)
Confirm with . or Enter, or press ? or * to list all spells.
Aiming: Searing Ray (safe; 1% risk of failure)
Press: ? - help, Shift-Dir - straight line, f/p - water moccasin
Aim: a water moccasin (70% to hit)
The searing ray misses the water moccasin. (Press . to maintain the ray.)
You feel very sick. The water moccasin bites you.
You are lethally poisoned!
The water moccasin poisons you!
The searing ray hits the water moccasin!
The water moccasin is heavily wounded.
You feel extremely sick. The water moccasin bites you!
* * * LOW HITPOINT WARNING * * *
The water moccasin barely misses you.
The searing ray misses the water moccasin.
You die...

.# ##..#..###.###.# .#
#...#..##...#..!#. .#
##...#..#..8...8... .#
.###...####.....# ..# ...
.##...#####.##.###.###.#
....####...#....#...#...
#........##...8...8...8.#
................#...#...#
##..............@.....#
##.o
#.......###....S.###......o
........###.......# .S..
..............###.## #....
...............###..##..#
####.....##.....#
##...........##...
##................
#........###......


You could see a water moccasin.

Vanquished Creatures
  Edmund (D:3)
  A water moccasin (D:5)
  2 ogres
  2 phantoms
  A hound (D:4)
  Jessica (D:2)
  An iguana (D:5)
  Natasha (thrice) (D:2)
  A howler monkey skeleton (D:4)
  3 adders
  An ufetubus (D:5)
  An adder skeleton (D:4)
  3 dart slugs
  5 orcs
  4 bats
  6 endoplasms
  5 giant cockroaches
  2 hobgoblins (D:1)
  3 jackals
  5 kobolds
  A quokka (D:1)
  6 ball pythons
  2 frilled lizards
  7 goblins
  3 rats
70 creatures vanquished.

Notes
Turn   | Place    | Note
-------+----------+-------------------------------------------
     0 | D:1      | bnorton916 the Deep Elf Conjurer began the quest for the
                  | Orb.
     0 | D:1      | Reached XP level 1. HP: 10/10 MP: 6/6
   428 | D:1      | Reached XP level 2. HP: 15/15 MP: 4/8
  1209 | D:2      | Reached skill level 5 in Conjurations
  1209 | D:2      | Reached XP level 3. HP: 16/19 MP: 2/10
  1212 | D:2      | Learned a level 2 spell: Searing Ray
  1531 | D:2      | Noticed Natasha
  1535 | D:2      | Killed Natasha
  1605 | D:2      | Noticed Natasha
  1610 | D:2      | Killed Natasha
  1611 | D:2      | Reached XP level 4. HP: 13/24 MP: 6/12
  1773 | D:2      | Noticed Jessica
  1822 | D:2      | Reached skill level 5 in Spellcasting
  1829 | D:2      | Killed Jessica
  1890 | D:2      | Found a faded altar of an unknown god.
  2185 | D:2      | Noticed Natasha
  2190 | D:2      | Killed Natasha
  2191 | D:2      | Reached XP level 5. HP: 28/28 MP: 9/15
  2798 | D:3      | Noticed an ogre
  2805 | D:3      | Killed an ogre
  2868 | D:3      | Learned a level 4 spell: Fulminant Prism
  2995 | D:3      | Found a white marble altar of Elyvilon.
  3454 | D:4      | Noticed an ogre
  3457 | D:4      | Killed an ogre
  3458 | D:4      | Reached skill level 1 in Hexes
  3458 | D:4      | Reached XP level 6. HP: 32/32 MP: 11/17
  3618 | D:4      | Noticed Edmund
  3636 | D:3      | Killed Edmund
  4063 | D:4      | Learned a level 4 spell: Iskenderun's Mystic Blast
  4180 | D:4      | Found a staircase to the Ecumenical Temple.
  4464 | Temple   | Entered the Ecumenical Temple
  4608 | Temple   | Became a worshipper of Vehumet
  4652 | D:4      | Reached XP level 7. HP: 7/36 MP: 10/19
  4943 | D:4      | Reached skill level 1 in Translocations
  5887 | D:5      | Entered Level 5 of the Dungeon
  6492 | D:5      | Succumbed to a water moccasin's poison

Illustrated notes

Levels and vault maps discovered:
D:1:      heliophobic_arrival_glass_houses, layout_loops_ring,
          minmay_indecisive_spiral
D:2:      layout_loops_cross, hellmonk_ecumenical_altar_lost_god,
          hangedman_abyss_or_decor_stabs, kennysheep_generic_room_12,
          uniq_jessica, uniq_natasha
D:3:      layout_basic, lemuel_tele_altar, minmay_cupped
D:4:      layout_layer_cave, temple_pool_b, uniq_edmund
D:5:      layout_layer_cave, ashenzari_conservatory_becter,
          minmay_misc_feat_four_crosses
Temple:   dshaligram_water_room_temple

Skill      XL: |  1  2  3  4  5  6  7 |
---------------+----------------------+-----
Spellcasting   | 4 5 6 7 |  7.6
Conjurations   | 5 6 7 |  7.4
Hexes          | 1 3 4 |  4.0
Translocations | 2 |  2.2
Dodging        | |  2.4
Stealth        | |  2.4

Action                   |  1- 3 |  4- 6 |  7- 9 || total
-------------------------+-------+-------+-------++-------
Melee: Dagger            |       |    27 |       ||    27
 Cast: Magic Dart        |    61 |    61 |    23 ||   145
       Searing Ray       |       |     7 |     5 ||    12
  Use: Potion            |       |     6 |       ||     6
       Scroll            |       |     2 |       ||     2
 Stab: Sleeping          |       |     1 |       ||     1
Armor: Robe              |     3 |    15 |       ||    18
Dodge: Dodged            |    16 |    31 |     2 ||    49

Table legend: (Time is in decaauts)
 A = Elapsed time spent in this place.
 B = Non-inter-level travel time spent in this place.
 C = Inter-level travel time spent in this place.
 D = Time resting spent in this place.
 E = Time spent auto-exploring this place.
 F = Levels seen in this place.
 G = Mean time per level.
                   A        B        C        D        E       F      G
               +--------+--------+--------+--------+--------+-----+--------+
         Total |   6520 |   6251 |    269 |   1631 |   3856 |   6 | 1086.7 |
       Dungeon |   6366 |   6106 |    260 |   1631 |   3784 |   5 | 1273.2 |
        Temple |    153 |    144 |      9 |      0 |     72 |   1 |  153.0 |
               +--------+--------+--------+--------+--------+-----+--------+

Top non-repeatable levels by time:
     D:4: 1743 daAuts
     D:1: 1526 daAuts
     D:2: 1263 daAuts
     D:3: 1228 daAuts
     D:5: 604 daAuts
  Temple: 153 daAuts
